 Dungeon Crawl Stone Soup version 0.27-a0-978-g2aa4ecdaef (webtiles) character file.

Game seed: 17788611713729762511

65 robertstho the Slasher (level 3, 0/28 (29) HPs)
             Began as a Demonspawn Chaos Knight on Apr 14, 2021.
             Was a Plaything of Xom.
             Slain by a black bear (10 damage)
             ... on level 3 of the Dungeon.
             The game lasted 00:03:30 (2731 turns).

robertstho the Slasher (Demonspawn Chaos Knight)    Turns: 2731, Time: 00:03:30

HP:   0/28 (29)     AC:  8    Str: 13    XL:     3   Next: 92%
MP:   3/3           EV:  6    Int: 13    God:    Xom [..*...]
Gold: 107           SH:  0    Dex: 12    Spells: 2/2 levels left

rFire    . . .     SeeInvis .   d - +7 great mace "Undeadhunter" {disrupt, rN+}
rCold    . . .     Faith    .   (shield currently unavailable)
rNeg     + . .     Spirit   .   i - +0 chain mail
rPois    .         Reflect  .   (helmet restricted)
rElec    .         Harm     .   (no cloak)
rCorr    .         Rampage  .   (no gloves)
Will     +....                  (no boots)
Stlth    ..........             (no amulet)
HPRegen  0.09/turn              e - ring of willpower
MPRegen  0.08/turn              (no ring)

@: lightly drained
A: horns 1
a: Renounce Religion


You were on level 3 of the Dungeon.
You worshipped Xom.
You were a toy of Xom.
You visited 1 branch of the dungeon, and saw 3 of its levels.

You collected 137 gold pieces.
You spent 30 gold pieces at shops.

Inventory:

Hand Weapons
 a - a +0 falchion of chaos
 d - the +7 great mace "Undeadhunter" (weapon) {disrupt, rN+}
   (You acquired it on level 3 of the Dungeon)

   It protects you from negative energy.
Missiles
 c - a throwing net (quivered)
Armour
 f - the +2 buckler of Baogi {rPois rC+}
   (You acquired it on level 2 of the Dungeon)

   It protects you from cold.
   It protects you from poison.
 i - a +0 chain mail (worn)
Jewellery
 e - a ring of willpower (left hand)
Scrolls
 l - a scroll of amnesia {unknown}
 m - a scroll of summoning {unknown}
Potions
 b - a potion of attraction
 j - a potion of might {unknown}


   Skills:
 * Level 3.4 Fighting
 + Level 3.4 Long Blades
 * Level 2.6 Armour
 + Level 1.0 Dodging
 + Level 0.3 Stealth


You had 2 spell levels left.
You didn't know any spells.
Your spell library was empty.

Dungeon Overview and Level Annotations

Branches:
Dungeon (3/15)

Altars:

Shops:
D:2 *


Innate Abilities, Weirdness & Mutations

You have a pair of small horns on your head.


Message History

The adder bites you.
You are poisoned.
The adder poisons you! The bat hits you but does no damage.
You closely miss the black bear.
You feel sick. The bat hits you but does no damage. x2
The adder bites you but does no damage.
The black bear bites you but does no damage.
The black bear claws you.
The black bear claws you but does no damage.
The adder bites you but does no damage. The bat hits you but does no damage.
The black bear bites you.
The black bear claws you but does no damage. x2
The adder barely misses you.
You sock the black bear!
The black bear is moderately wounded.
You feel sick. The bat hits you but does no damage. x2
The adder bites you but does no damage.
The black bear bites you but does no damage.
The black bear claws you.
The black bear claws you but does no damage.
The adder barely misses you.
You sock the black bear!
You headbutt the black bear, but do no damage.
The black bear is severely wounded.
You feel sick.
You are no longer poisoned.
The bat hits you but does no damage. The bat barely misses you.
The black bear bites you but does no damage.
The black bear claws you but does no damage. x2
The adder bites you but does no damage.
The black bear goes berserk!
The bat hits you but does no damage. The adder bites you but does no damage.
You sock the black bear!
The black bear is almost dead.
The bat hits you but does no damage. x2; The black bear bites you!
The black bear barely misses you. x2; The adder bites you but does no damage.
The black bear bites you but does no damage.
The black bear claws you but does no damage. x2
The adder bites you. The black bear bites you!
You die...
Xom titters!

....# #.#+###..# #.#
#.#. # #...# #. #..# #.#
#+#. +...# #..# #.# ..
#...# # ##.# #.# .#
#.........#. #.# #.# .
#.#.#########.####.###.#
.. #.#... #.......##.#
#+## #.#(.# #......##.#
#... #.#..# #..@...##.#
#.!. #.#..#
+.Sh........# #...
#.#.)# #..b..#.#.#.#
#... #.#..##
.............# #...
#.#...# .##.....#...# #
#<## ..'...#####
#.....#..># ##
###...+...# +.....#.#..
#...###.# #.....#.#.#
#.#####.#


You could see a black bear (berserk), an adder and a bat.

Vanquished Creatures
  A worm (D:3)
  4 dart slugs
  3 orcs
  5 bats
  3 endoplasms
  6 goblins
  2 hobgoblins
  5 jackals
  2 quokkas (D:1)
  6 ball pythons
  A frilled lizard (D:1)
  6 kobolds
  5 rats
49 creatures vanquished.

Vanquished Creatures (others)
  A plant (D:2)
1 creature vanquished.

Grand Total: 50 creatures vanquished

Notes
Turn   | Place    | Note
-------+----------+-------------------------------------------
     0 | D:1      | robertstho the Demonspawn Chaos Knight began the quest for
                  | the Orb.
     0 | D:1      | Reached XP level 1. HP: 18/18 MP: 1/1
   340 | D:1      | Gained mutation: You have a pair of small horns on your
                  | head. [demonic ancestry]
   340 | D:1      | Reached XP level 2. HP: 22/24 MP: 2/2
   459 | D:1      | You fall into a shaft and drop 1 floor!
   524 | D:2      | Found Zeracsae's General Store.
   542 | D:2      | Bought a scroll of teleportation for 30 gold pieces
   793 | D:1      | XOM: silly message
  1187 | D:2      | Reached XP level 3. HP: 29/29 MP: 3/3
  1280 | D:2      | XOM: blink monster(s)
  1704 | D:2      | Identified a scroll of acquirement
  1705 | D:2      | Acquired the +2 buckler of Baogi {rPois rC+}
  1862 | D:3      | XOM: draining
  2029 | D:3      | Reached skill level 1 in Dodging
  2203 | D:3      | Noticed a black bear
  2229 | D:3      | Acquired the +7 great mace "Undeadhunter" {disrupt, rN+}
  2230 | D:3      | Found the +7 great mace "Undeadhunter" {disrupt, rN+}
  2464 | D:3      | XOM: 7-stop teleportation journey
  2674 | D:3      | XOM: noise
  2723 | D:3      | XOM: 5-stop teleportation journey
  2731 | D:3      | Slain by a black bear

Illustrated notes

Levels and vault maps discovered:
D:1:      dpeg_arrival_arbitrary_b, layout_loops_ring, dk_noncrumbling_2
D:2:      layout_loops_cross, serial_shops, shop, hangedman_decor_peaks_small,
          guppyfry_early_lair_pool
D:3:      layout_basic

Skill      XL: |  1  2  3 |
---------------+----------+-----
Long Blades    | 3 |  3.4
Armour         | 2 |  2.6
Dodging        | 1 |  1.0
Fighting       | |  3.4
Stealth        | |  0.3

Action                   || total
-------------------------++-------
Melee: Falchion          ||   117
       Headbutt          ||    18
       Great mace        ||    14
  Use: Scroll            ||     6
       Potion            ||     2
 Stab: Sleeping          ||     1
Armor: Leather armour    ||    21
       Chain mail        ||   100
Dodge: Dodged            ||    67
Block: Buckler           ||     9
       Rpst.: Falchion   ||    11

Table legend: (Time is in decaauts)
 A = Elapsed time spent in this place.
 B = Non-inter-level travel time spent in this place.
 C = Inter-level travel time spent in this place.
 D = Time resting spent in this place.
 E = Time spent auto-exploring this place.
 F = Levels seen in this place.
 G = Mean time per level.
                   A        B        C        D        E       F      G
               +--------+--------+--------+--------+--------+-----+--------+
         Total |   2758 |   2670 |     88 |    212 |   2093 |   3 |  919.3 |
       Dungeon |   2758 |   2670 |     88 |    212 |   2093 |   3 |  919.3 |
               +--------+--------+--------+--------+--------+-----+--------+

Top non-repeatable levels by time:
     D:1: 1058 daAuts
     D:3: 989 daAuts
     D:2: 710 daAuts
